 Dungeon Crawl Stone Soup version 0.29-a0-371-g91724d5b39 (webtiles) character file.

Game seed: 1937192234053002512

24 psuckher the Charlatan (level 2, 0/23 HPs)
             Began as a Minotaur Artificer on May 2, 2022.
             Hit by a goblin thrown by Robin (2 damage)
             ... on level 2 of the Dungeon.
             The game lasted 00:03:02 (717 turns).

psuckher the Charlatan (Minotaur Artificer)          Turns: 717, Time: 00:03:02

Health: 0/23       AC:  3    Str: 16    XL:     2   Next: 79%
Magic:  1/1        EV: 11    Int:  8    God:
Gold:   34         SH:  0    Dex: 10    Spells: 1/1 levels left

rFire   . . .      SeeInvis .   h - +0 mace
rCold   . . .      Faith    .   (no shield)
rNeg    . . .      Spirit   .   b - +0 leather armour
rPois   .          Reflect  .   (helmet restricted)
rElec   .          Harm     .   (no cloak)
rCorr   .          Rampage  .   (no gloves)
Will    .....                   (no boots)
Stlth   +.........              (no amulet)
HPRegen 0.07/turn               (no ring)
MPRegen 0.07/turn               (no ring)

@: lethally poisoned (0 -> -5)
A: horns 2, retaliatory headbutt
a: no special abilities


You were on level 2 of the Dungeon.
You visited 1 branch of the dungeon, and saw 2 of its levels.

You collected 34 gold pieces.

Inventory:

Hand Weapons
 a - a +0 club
 h - a +0 mace (weapon)
Armour
 b - a +0 leather armour (worn)
Wands
 c - a wand of flame (15) (quivered)
 d - a wand of charming (15)
 e - a wand of iceblast (9)
Scrolls
 i - a scroll of immolation {unknown}
 k - 2 scrolls of teleportation {unknown}
Potions
 f - a potion of magic {unknown}
 g - a potion of mutation {unknown}
 j - a potion of degeneration {unknown}


   Skills:
 + Level 1.2 Fighting
 + Level 0.6 Maces & Flails
 + Level 2.4 Armour
 + Level 1.4 Dodging
 + Level 0.8 Stealth
 + Level 3.5 Evocations


You had one spell level left.
You didn't know any spells.
Your spell library was empty.

Dungeon Overview and Level Annotations

Branches:
Dungeon (2/15)

Altars:

Shops:
D:1 [

Annotations:
D:2 Robin


Innate Abilities, Weirdness & Mutations

You have a pair of horns on your head.
You reflexively headbutt those who attack you in melee.


Message History

A goblin comes into view. It is wielding a +1 dagger of venom.
A hobgoblin and a goblin come into view.
The hobgoblin shouts!
The goblin shouts! x2; You hear a shout! x3
Robin of the Strong Arm comes into view.
They are wielding a +3 short sword.
A goblin comes into view.
It is wielding a +0 dagger. 2 goblins come into view.
The goblin shouts! x3
The bat hits you but does no damage.
A goblin comes into view. It is wielding a +0 dagger.
A goblin and a hobgoblin come into view.
The hobgoblin shouts!
The goblin shouts!
The bat misses you. You furiously retaliate!
You headbutt the bat, but do no damage. The bat hits you.
The goblin unwields a +0 dagger.
The goblin wields a +0 hunting sling.
The goblin shoots a sling bullet.
The sling bullet hits you but does no damage.
The goblin shouts!
You hit the bat.
You kill the bat!
Robin roars a battlecry!
The goblins go into a battle-frenzy!
The goblin hits you but does no damage.
You are poisoned.
You closely miss the goblin. Your headbutt misses the goblin.
You feel very sick.
A goblin comes into view. It is wielding a +0 dagger.
Robin throws the goblin at you! The hobgoblin hits you.
The goblin barely misses you. You furiously retaliate!
You headbutt the goblin!
You kill the goblin!
The goblin hits you but does no damage.
You are more poisoned.
You feel sick. Robin throws the goblin at you!
The goblin shoots a sling bullet.
The sling bullet hits you.
You see here a bat corpse.
You feel sick. The goblin closely misses you. The goblin barely misses you.
* * * LOW HITPOINT WARNING * * *
You feel sick. The goblin hits you with a +0 dagger.
* * * LOW HITPOINT WARNING * * *
Robin throws the goblin at you!
You die...

#.....##.# ....
#....$##.###....
#.....##...g....
#.....##..#.....
##.........g.....
####................
........g.g.gg......
.......<.@g†gg....#
..........g..)......
..##..............##
#..............#
####..........##
#............
#...........##
.#.........##


You could see Robin, 2 hobgoblins and 7 goblins.

Vanquished Creatures
  2 ball pythons (D:1)
  2 giant cockroaches (D:1)
  3 goblins
  3 hobgoblins (D:1)
  3 kobolds (D:1)
  2 quokkas (D:1)
  5 bats
  A frilled lizard (D:1)
  A rat (D:1)
22 creatures vanquished.

Notes
Turn   | Place    | Note
-------+----------+-------------------------------------------
     0 | D:1      | psuckher the Minotaur Artificer began the quest for the
                  | Orb.
     0 | D:1      | Reached XP level 1. HP: 16/16 MP: 0/0
    96 | D:1      | Reached skill level 3 in Evocations
   170 | D:1      | Reached XP level 2. HP: 23/23 MP: 1/1
   592 | D:1      | Found Satit's Armour Shoppe.
   710 | D:2      | Noticed Robin
   717 | D:2      | Hit by a goblin thrown by Robin

Illustrated notes

Levels and vault maps discovered:
D:1:      lightli_arrival_noodles, layout_rooms, serial_shops,
          nicolae_shop_hallway_stairs
D:2:      layout_rooms, amethyst_killhole, uniq_natasha, uniq_jessica,
          uniq_crazy_yiuf_cottage, uniq_robin

Skill      XL: |  1 |
---------------+----+-----
Evocations     | 3 |  3.5
Fighting       | |  1.2
Maces & Flails | |  0.6
Armour         | |  2.4
Dodging        | |  1.4
Stealth        | |  0.8

Action                   || total
-------------------------++-------
Melee: Club              ||    12
       Headbutt          ||     7
       Mace              ||    19
Armor: Leather armour    ||    20
Dodge: Dodged            ||    30

Table legend: (Time is in decaauts)
 A = Elapsed time spent in this place.
 B = Non-inter-level travel time spent in this place.
 C = Inter-level travel time spent in this place.
 D = Time resting spent in this place.
 E = Time spent auto-exploring this place.
 F = Levels seen in this place.
 G = Mean time per level.
                   A        B        C        D        E       F      G
               +--------+--------+--------+--------+--------+-----+--------+
         Total |    727 |    711 |     16 |      0 |    432 |   2 |  363.5 |
       Dungeon |    727 |    711 |     16 |      0 |    432 |   2 |  363.5 |
               +--------+--------+--------+--------+--------+-----+--------+

Top non-repeatable levels by time:
     D:1: 716 daAuts
     D:2: 10 daAuts
